 Dungeon Crawl Stone Soup version 0.20-a0-850-ge5a7832 (webtiles) character file.

380 M4edhros the Covert (level 6, -2/38 HPs)
             Began as an Octopode Artificer on Mar 9, 2017.
             Slain by a centaur (10 damage)
             ... on level 5 of the Dungeon.
             The game lasted 00:03:33 (2743 turns).

M4edhros the Covert (Octopode Artificer)            Turns: 2743, Time: 00:03:33

Health: -2/38      AC:  1    Str: 11    XL:     6   Next: 75%
Magic:  8/8        EV: 13    Int: 11    God:
Gold:   111        SH:  0    Dex: 15    Spells: 5/5 levels left

rFire    . . .     SeeInvis .   v - +0 short sword (venom)
rCold    . . .     Gourm    .   (no shield)
rNeg     . . .     Faith    .   (helmet restricted)
rPois    .         Spirit   .   (no amulet)
rElec    .         Reflect  .   l - -2 ring of intelligence (curse)
rCorr    .         Harm     .   n - ring of wizardry
MR       +....                  o - ring of loudness (curse)
Stlth    ++++......             t - ring of protection from magic
Regen    0.2/turn               (no ring)
MPRegen  0.2/turn               (no ring)
                                (no ring)
                                (no ring)

@: no status effects
A: almost no armour, stealthy swim, amphibious, 8 rings, constrict 8, camouflage
1, gelatinous body 1
a: no special abilities


You were on level 5 of the Dungeon.
You were hungry.

You visited 1 branch of the dungeon, and saw 5 of its levels.

You collected 111 gold pieces.

Inventory:

Hand Weapons
 a - a +0 short sword
 v - a +0 short sword of venom (weapon)
Missiles
 u - 9 stones (quivered)
Armour
 h - a +0 buckler
Jewellery
 l - a cursed -2 ring of intelligence (left tentacle)
 n - a ring of wizardry (right tentacle)
 o - a cursed ring of loudness (on tentacle)
 t - a ring of protection from magic (on tentacle)
Wands
 b - a wand of flame (13/48)
 c - a wand of enslavement (8/24)
 d - a wand of random effects (14/48)
Scrolls
 e - 2 scrolls of magic mapping {unknown}
 i - a scroll of immolation {unknown}
 j - a scroll of identify
 m - 2 scrolls of remove curse
 q - 2 scrolls of recharging {unknown}
Potions
 g - a potion of lignification {unknown}
 k - a potion of curing
 p - a potion of haste
Comestibles
 f - 4 bread rations
 r - 6 fruits
 s - a meat ration


   Skills:
 - Level 1.0 Fighting
 - Level 1.0 Short Blades
 - Level 2.0 Dodging
 + Level 9.6 Stealth
 - Level 3.2 Evocations


You had 5 spell levels left.
You didn't know any spells.

Dungeon Overview and Level Annotations

Branches:
Dungeon (5/15)
 Temple: D:4-7

Altars:

Annotations:
D:4 Duvessa
D:5 aves's ghost, novice DsFi


Innate Abilities, Weirdness & Mutations

You cannot wear most types of armour.
You are very stealthy in the water. (Stealth+)
You are amphibious.
You can wear up to eight rings at the same time.
You can use your tentacles to constrict eight enemies at once.
Your skin changes colour to match your surroundings (Stealth+).
Your rubbery body absorbs attacks. (AC +1, EV +1)


Message History

The centaur misses you.
You closely miss the centaur.
The centaur is lightly wounded.
The centaur barely misses you. The centaur hits you.
You hit the centaur.
The centaur is moderately wounded.
The centaur barely misses you.
You hit the centaur but do no damage.
The centaur looks as sick as possible!
Your squeeze misses the centaur.
The centaur is heavily wounded.
The centaur closely misses you. The centaur hits you.
You hit the centaur.
The centaur looks as sick as possible!
The centaur is heavily wounded.
The centaur misses you.
You hit the centaur.
The centaur looks as sick as possible!
The centaur is severely wounded.
The centaur hits you!
* * * LOW HITPOINT WARNING * * *
The centaur hits you!
You die...

#.#..............
########.#....†.........
...........#############
........##...........###
........##>.............
........#...########.###
........#...# #.# #
........#...# #.# #
.......@....# #.# #
......c.#...# #.###
....>...#...# #...#
............# ###.#
........#...##########.#
........................
............###.......##
.....###....###.......##
............##


You could see a centaur.

Vanquished Creatures
  Menkaure (D:4)
  Blork the orc (D:5)
  A hound (D:4)
  2 worker ants (D:4)
  3 adders
  An adder skeleton (D:5)
  A dart slug (D:4)
  A leopard gecko (D:4)
  11 orcs
  3 bats
  2 giant cockroaches
  2 goblins
  2 hobgoblins (D:1)
  2 jackals (D:1)
  A quokka (D:4)
  A frilled lizard (D:5)
  A kobold (D:2)
  2 rats (D:1)
38 creatures vanquished.

Vanquished Creatures (collateral kills)
  Dowan (D:4)
  A hound skeleton (D:4)
  An adder (D:4)
  A frilled lizard (D:1)
  A quokka skeleton (D:4)
5 creatures vanquished.

Vanquished Creatures (others)
  A worker ant (D:4)
1 creature vanquished.

Grand Total: 44 creatures vanquished

Notes
Turn   | Place    | Note
-------+----------+-------------------------------------------
     0 | D:1      | M4edhros the Octopode Artificer began the quest for the Orb.
     0 | D:1      | Reached XP level 1. HP: 13/13 MP: 3/3
    28 | D:1      | Reached skill level 2 in Stealth
    68 | D:1      | Reached XP level 2. HP: 3/18 MP: 4/4
    70 | D:1      | Reached skill level 3 in Stealth
   514 | D:3      | Noticed a necrophage
   520 | D:4      | Noticed Menkaure
   522 | D:4      | Killed Menkaure
   522 | D:4      | Reached skill level 7 in Stealth
   522 | D:4      | Reached XP level 3. HP: 23/23 MP: 5/5
   522 | D:4      | Reached XP level 4. HP: 28/28 MP: 6/6
   522 | D:4      | Reached XP level 5. HP: 33/33 MP: 7/7
   823 | D:4      | Noticed Dowan
   824 | D:4      | Noticed Duvessa
   840 | D:4      | Killed Dowan
   840 | D:4      | Reached skill level 8 in Stealth
  1451 | D:4      | Reached XP level 6. HP: 23/38 MP: 8/8
  1942 | D:4      | Noticed a phantom
  2117 | D:5      | Entered Level 5 of the Dungeon
  2255 | D:5      | Reached skill level 9 in Stealth
  2430 | D:5      | Noticed Blork the orc
  2445 | D:5      | Killed Blork the orc
  2625 | D:5      | Noticed aves's ghost (novice DsFi)
  2743 | D:5      | Slain by a centaur

Vault maps used:
D:1:      scummos_arrival_simple_crosswalls, nrook_loot_triangle, moated_statue,
          moated_statue, nrook_mini_vaults
D:2:      minivault_19, uniq_sigmund
D:3:      chequers_ecumenical_altar_grove, xom_redecorated
D:4:      uniq_duvessa, uniq_menkaure
D:5:      first_bread, uniq_blork_the_orc

Skill      XL: |  1  2  3  4  5  6 |
---------------+-------------------+-----
Stealth        | 2 7 8 9 |  9.6
Fighting       | |  1.0
Short Blades   | |  1.0
Dodging        | |  2.0
Evocations     | |  3.2

Action                   |  1- 3 |  4- 6 || total
-------------------------+-------+-------++-------
Melee: Short sword       |    24 |    61 ||    85
       Constrict         |     9 |    18 ||    27
       Tentacles         |     4 |    12 ||    16
Evoke: Wand              |     2 |     8 ||    10
  Use: Scroll            |       |     4 ||     4
       Potion            |       |     1 ||     1
 Stab: Sleeping          |     5 |     4 ||     9
  Eat: Chunk             |       |     5 ||     5
Armor: Skin              |       |     1 ||     1
Dodge: Dodged            |    13 |    48 ||    61
